Map: Oxide LE

Players

Namshar - Winner!

  • Race: Zerg Zerg
  • League: Master
  • Spawn Location: 7:00

uwuThermal (uThermal)

  • Race: Terran Terran
  • Spawn Location: 1:00

Event: Cheeseadelphia Winter Championship 2021

VOD

Have the link to the VOD?

Description

Time

  • Played on: Jan. 23, 2021, 5:04 p.m.
  • Length: 21:46

All games in this series

Show
View Real Time Build Order
Export as new Build Order

Namshar Zerg - Winner!

Build Orders: Hatch First, Lurkers 

Get SALT Encoding   

  12  0:00  Drone  
  13  0:12  Overlord  
  13  0:16  Drone  
  14  0:30  Drone x2  
  16  0:47  Hatchery  
  15  0:51  Drone  
  15  0:54  Drone  
  17  0:57  Drone  
  18  1:07  Extractor  
  17  1:12  Spawning Pool  
  17  1:15  Drone  
  17  1:19  Drone  
  18  1:27  Drone  
  19  1:38  Drone  
  20  1:49  Drone  
  21  1:59  Queen x2  
  21  2:00  Zergling x4  
  27  2:15  Hatchery  
  27  2:18  Overlord  
  26  2:24  Drone x2  
  28  2:34  Metabolic Boost  
  28  2:37  Spore Crawler  
  28  2:38  Drone x2  
  30  2:51  Queen, Drone  
  31  2:52  Overlord  
  31  2:57  Drone x2  
  35  3:06  Drone  
  35  3:11  Drone x4  
  35  3:12  Overlord  
  40  3:18  Queen  
  40  3:19  Drone  
  43  3:24  Drone  
  44  3:30  Queen  
  44  3:33  Drone x3  
  49  3:39  Drone  
  49  3:41  Drone x3  
  53  3:45  Queen  
  55  3:53  Drone x3  
  58  4:00  Overlord x2  
  58  4:01  Overlord  
  58  4:12  Lair  
  58  4:13  Roach Warren, Drone  
  58  4:19  Drone x3  
  58  4:20  Drone x3  
  64  4:26  Drone x3  
  64  4:28  Spore Crawler  
  64  4:30  Spore Crawler  
  64  4:31  Spore Crawler  
  64  4:32  Drone x2  
  64  4:34  Zergling x4  
  64  4:37  Zergling x2  
  64  4:38  Zergling x6  
  71  4:39  Zergling x2  
  72  4:47  Extractor  
  72  4:50  Extractor  
  70  4:53  Evolution Chamber  
  70  4:56  Queen  
  70  4:59  Queen  
  73  5:00  Drone  
  73  5:01  Overlord x3  
  73  5:06  Extractor  
  73  5:09  Extractor, Overseer  
  73  5:10  Extractor  
  71  5:15  Drone x3  
  71  5:18  Overlord x2  
  71  5:20  Roach  
  71  5:21  Roach x4  
  84  5:22  Drone x3  
  87  5:28  Drone  
  87  5:29  Drone x3  
  87  5:33  Drone x5  
  96  5:37  Overseer  
  96  5:39  Queen  
  96  5:41  Drone x2  
  100  5:46  Hydralisk Den  
  100  5:47  Drone  
  100  5:50  Evolution Chamber  
  100  5:51  Drone  
  100  5:52  Drone x2  
  100  6:00  Glial Reconstitution  
  100  6:03  Drone x4  
  100  6:08  Drone  
  98  6:21  Grooved Spines  
  98  6:23  Zerg Ground Armor Level 1, Zerg Missile Weapons Level 1  
  98  6:27  Drone x4  
  102  6:39  Hatchery  
  101  6:40  Overlord x5  
  101  6:43  Drone  
  101  6:47  Roach x5  
  111  7:04  Roach x10  
  111  7:06  Drone  
  132  7:08  Infestation Pit  
  132  7:10  Ravager x2  
  132  7:12  Ravager x2  
  135  7:20  Roach  
  135  7:21  Roach x4  
  145  7:36  Roach  
  153  7:37  Roach x3  
  153  7:38  Overlord x4  
  153  7:48  Hive  
  153  7:51  Drone  
  154  7:52  Lurker Den  
  154  7:55  Ravager x2  
  155  7:59  Drone x2  
  155  8:00  Drone x7  
  164  8:09  Extractor  
  164  8:10  Extractor  
  164  8:11  Drone  
  163  8:12  Muscular Augments  
  163  8:18  Ravager x2  
  163  8:19  Ravager x2  
  167  8:32  Hatchery  
  167  8:33  Spine Crawler, Spore Crawler  
  162  8:38  Drone x2  
  164  8:44  Drone  
  165  8:53  Zerg Missile Weapons Level 2, Zerg Ground Armor Level 2  
  165  8:57  Hatchery  
  164  9:03  Hydralisk x4  
  164  9:05  Overlord, Viper  
  175  9:10  Spore Crawler, Viper, Drone  
  175  9:11  Spine Crawler  
  175  9:12  Spine Crawler  
  176  9:18  Seismic Spines  
  176  9:33  Lurker  
  177  9:44  Drone x5  
  182  9:50  Extractor  
  182  9:51  Extractor  
  182  9:52  Drone x3  
  183  9:53  Spine Crawler x2, Spore Crawler  
  180  10:03  Hydralisk x7  
  150  10:09  Roach  
  150  10:10  Roach x20  
  187  10:15  Adaptive Talons  
  184  10:22  Drone x2  
  184  10:23  Drone x7  
  186  10:31  Roach x5  
  162  10:48  Hydralisk, Roach  
  162  10:49  Roach x4  
  172  10:54  Viper  
  168  11:08  Hatchery  
  162  11:14  Drone x6  
  162  11:15  Drone x8  
  171  11:22  Extractor  
  171  11:23  Lurker x3  
  171  11:24  Lurker x3  
  176  11:33  Overlord x2, Extractor  
  176  11:34  Overlord  
  173  11:53  Hydralisk x8  
  183  12:03  Hydralisk  
  183  12:04  Hydralisk x4  
  151  12:23  Zerg Ground Armor Level 3, Zerg Missile Weapons Level 3  
  151  12:26  Lurker x3  
  154  12:46  Hydralisk x9  
  154  12:49  Drone x2  
  174  12:55  Viper  
  175  13:09  Lurker x2  
  175  13:11  Lurker  
  170  13:21  Hydralisk x6  
  178  13:29  Pneumatized Carapace  
  177  13:34  Hydralisk  
  177  13:35  Hydralisk x2  
  171  13:51  Hydralisk  
  171  13:52  Hydralisk x6  
  179  14:02  Hydralisk  
  179  14:03  Hydralisk x2  
  183  14:20  Lurker  
  183  14:21  Lurker  
  185  14:31  Drone x2  
  185  14:32  Drone x6  
  185  14:38  Extractor  
  192  14:39  Extractor  
  191  14:49  Hydralisk x4  
  178  15:09  Hydralisk x5  
  184  15:44  Hydralisk x5  
  186  16:16  Hatchery  
  172  16:53  Hatchery  
  160  17:10  Extractor  
  150  17:23  Lurker x2  
  150  17:24  Lurker x3  
  150  17:25  Lurker x2  
  157  17:37  Hatchery  
  156  17:45  Hydralisk x2  
  160  18:06  Lurker  
  160  18:07  Lurker x3  
  164  18:20  Drone x2  
  164  18:24  Lurker x2  
  164  18:46  Hydralisk  
  164  18:47  Hydralisk x6  
  173  18:59  Hydralisk x4  
  164  19:11  Hydralisk x3  
  164  19:14  Hydralisk  
  165  19:30  Hydralisk x5  
  162  19:36  Hydralisk x2  
  144  19:51  Lurker x2  
  146  19:53  Drone x2  
  148  20:04  Hatchery, Lurker x2  
  149  20:08  Hydralisk  
  151  20:14  Lurker  
  152  20:27  Hydralisk x4  
  146  20:51  Drone  
  146  20:52  Drone x5  
  146  20:53  Drone  
  151  21:01  Hydralisk x4  
Show
View Real Time Build Order
Export as new Build Order

uwuThermal Terran 

Build Orders: Reaper Expand, Hellion Banshee 

Get SALT Encoding   

  12  0:00  SCV  
  13  0:12  SCV  
  14  0:17  Supply Depot  
  14  0:24  SCV  
  15  0:38  SCV  
  15  0:39  Barracks  
  16  0:43  Refinery  
  16  0:51  SCV  
  17  1:03  SCV  
  18  1:15  SCV  
  19  1:26  Reaper  
  19  1:27  Orbital Command  
  20  1:39  Command Center  
  20  1:50  Supply Depot  
  20  1:53  SCV  
  21  1:58  Marine  
  22  2:05  SCV  
  22  2:08  Factory  
  23  2:17  SCV  
  23  2:20  Barracks Reactor  
  24  2:29  SCV  
  25  2:41  Command Center  
  25  2:46  SCV  
  26  2:52  Orbital Command  
  26  2:58  SCV  
  27  3:01  Starport  
  27  3:06  Refinery  
  27  3:10  SCV  
  28  3:13  Hellion  
  28  3:17  SCV  
  33  3:20  Hellion  
  33  3:24  Barracks Tech Lab  
  33  3:25  SCV  
  34  3:29  SCV  
  35  3:35  Hellion  
  35  3:37  SCV  
  40  3:41  Hellion, SCV  
  40  3:46  Banshee  
  44  3:49  SCV, Marine  
  44  3:54  Orbital Command  
  44  3:55  SCV  
  47  3:59  Hellion  
  47  4:02  Hellion, SCV  
  52  4:08  SCV  
  52  4:13  Supply Depot  
  52  4:15  Cloaking Field, SCV  
  53  4:17  Barracks Tech Lab  
  53  4:20  SCV  
  53  4:21  SCV  
  55  4:27  SCV  
  55  4:29  Banshee  
  59  4:32  SCV  
  59  4:35  Factory Reactor  
  59  4:36  Barracks  
  59  4:38  Barracks, Supply Depot  
  60  4:39  Marine  
  60  4:41  SCV x2  
  60  4:44  SCV  
  64  4:48  Stimpack  
  64  4:53  SCV x2  
  64  4:57  Marine  
  67  5:00  SCV  
  67  5:01  Engineering Bay  
  67  5:02  Engineering Bay  
  67  5:03  Orbital Command  
  67  5:04  Supply Depot  
  67  5:05  SCV  
  67  5:06  Refinery  
  69  5:07  Refinery  
  69  5:12  SCV  
  70  5:15  Marine  
  70  5:17  SCV  
  72  5:22  Barracks  
  72  5:23  Supply Depot  
  72  5:24  Barracks  
  72  5:25  Supply Depot, SCV  
  72  5:26  Marine  
  72  5:27  Marine  
  75  5:30  SCV x2  
  75  5:32  Terran Infantry Weapons Level 1  
  75  5:33  Marine  
  75  5:35  Terran Infantry Armor Level 1  
  78  5:39  SCV  
  78  5:42  Starport Reactor  
  79  5:43  Supply Depot, SCV  
  79  5:44  Marine  
  81  5:50  Siege Tank  
  81  5:53  SCV x2, Marine  
  81  5:54  Marine  
  81  5:55  Marine  
  89  5:57  SCV  
  90  6:06  SCV  
  90  6:08  Supply Depot, Marine x2  
  90  6:09  SCV  
  90  6:10  Supply Depot, SCV  
  96  6:17  Barracks Reactor  
  90  6:18  SCV  
  90  6:20  Barracks Reactor, Marine x2  
  90  6:22  Siege Tank  
  90  6:24  SCV x2  
  97  6:26  Medivac x2, Bunker  
  97  6:29  Bunker  
  97  6:30  Marine x2  
  103  6:35  Supply Depot, Marine  
  103  6:39  Marine x2  
  105  6:40  SCV x2, Armory  
  105  6:41  SCV  
  109  6:47  Marine  
  109  6:48  Marine  
  109  6:52  SCV  
  109  6:53  Marine x2  
  114  6:54  Siege Tank, Refinery  
  114  6:57  Marine  
  114  6:58  Supply Depot  
  114  7:00  Medivac  
  120  7:02  SCV  
  120  7:04  Marine  
  120  7:05  Missile Turret  
  120  7:06  Marine x2  
  120  7:07  Supply Depot  
  120  7:08  Command Center  
  124  7:11  Missile Turret, Marine x2  
  124  7:15  Marine  
  127  7:17  Marine x2  
  127  7:18  Combat Shield, Marine  
  127  7:22  Medivac, Marine  
  132  7:24  Marine  
  132  7:26  Marine  
  132  7:29  Terran Infantry Weapons Level 2  
  134  7:30  SCV  
  134  7:36  Marine x2  
  134  7:37  Marine  
  131  7:38  Siege Tank, Marine x2  
  131  7:41  Supply Depot x2, Marine  
  131  7:42  Supply Depot  
  139  7:46  Marine  
  139  7:47  Supply Depot, Marine  
  142  7:54  Marine  
  142  7:56  Supply Depot  
  142  7:57  Terran Infantry Armor Level 2  
  142  7:59  Marine  
  142  8:00  Sensor Tower  
  142  8:03  Terran Vehicle Weapons Level 1  
  142  8:04  Marine  
  144  8:10  Marine x5  
  152  8:12  Siege Tank  
  152  8:13  Marine  
  152  8:16  Marine  
  154  8:20  Supply Depot  
  154  8:21  Supply Depot  
  154  8:23  Marine  
  155  8:30  Marine x2  
  156  8:34  Marine x2  
  156  8:37  Marine x2  
  161  8:41  SCV  
  161  8:42  SCV  
  161  8:43  Factory, SCV, Marine x2  
  161  8:45  Siege Tank  
  161  8:48  Marine x2  
  168  8:52  Marine  
  168  8:53  SCV  
  168  8:55  Supply Depot, Medivac x2, SCV, Marine x2  
  167  8:57  SCV  
  167  9:02  Planetary Fortress  
  169  9:05  SCV  
  169  9:06  Marine x3  
  169  9:08  Concussive Shells  
  169  9:09  SCV  
  174  9:12  Marine x2  
  174  9:14  SCV  
  177  9:17  SCV  
  177  9:20  Command Center  
  177  9:22  Siege Tank  
  181  9:27  Marauder, Marine x2  
  181  9:28  Factory Tech Lab  
  185  9:33  Missile Turret  
  185  9:36  Marine  
  185  9:37  Marine x3  
  189  9:39  Medivac x2  
  189  9:40  Marine x2  
  189  9:45  Marine  
  196  9:48  Terran Infantry Weapons Level 3, Marine  
  196  9:49  Marauder  
  196  9:50  Refinery  
  196  9:51  Refinery  
  199  9:54  Marine  
  179  10:09  Medivac x2  
  179  10:10  Siege Tank, Marine  
  179  10:14  Marine x2  
  187  10:16  Command Center  
  187  10:18  Siege Tank, Marine x2  
  194  10:23  Barracks  
  194  10:24  Barracks  
  194  10:25  Barracks  
  194  10:34  Marine x2  
  190  10:39  Medivac  
  190  10:41  Medivac  
  190  10:42  Siege Tank, Marine  
  189  10:45  Marine x3  
  189  10:46  Marine x2  
  178  10:57  Marine x2  
  178  10:58  Siege Tank  
  159  11:04  Terran Infantry Armor Level 3  
  159  11:05  SCV  
  159  11:09  Medivac, Marine x2  
  159  11:10  Marauder, Marine  
  165  11:14  Siege Tank  
  165  11:17  Barracks Tech Lab x2  
  165  11:20  Barracks Tech Lab, Marine x2  
  165  11:23  Medivac, Command Center, Marine x2  
  165  11:24  SCV x2  
  165  11:25  SCV x2  
  175  11:31  Marauder, Siege Tank  
  180  11:36  Marauder x2, Marine  
  183  11:49  Marauder, Marine  
  183  11:53  Marauder, Siege Tank  
  190  11:57  Marauder  
  192  12:03  Marine  
  192  12:04  Marauder, Marine  
  192  12:05  Planetary Fortress  
  192  12:07  Planetary Fortress  
  196  12:08  Marine  
  196  12:10  Siege Tank  
  196  12:14  Marauder  
  196  12:18  Marine  
  191  12:24  Marauder  
  191  12:25  Medivac, Marauder  
  191  12:26  Siege Tank  
  200  12:34  Missile Turret  
  197  12:45  Marauder, Marine x3  
  197  12:46  Marauder, Marine  
  199  12:53  Neosteel Armor  
  199  12:55  Missile Turret  
  199  13:05  Siege Tank  
  184  13:11  Marine x3  
  184  13:12  Marauder x2  
  191  13:18  Siege Tank  
  191  13:19  Marine x2  
  197  13:20  Marauder x2  
  197  13:24  Command Center  
  197  13:25  Command Center  
  200  13:40  Marine  
  200  13:41  Hi-Sec Auto Tracking  
  199  13:52  Siege Tank  
  199  13:55  Siege Tank  
  182  13:56  Marauder x2, Marine x2  
  182  13:59  Medivac x2  
  182  14:02  Marine  
  192  14:03  Marauder  
  192  14:15  Marauder, Marine x2  
  192  14:16  SCV  
  186  14:17  SCV  
  186  14:18  Marauder x2, Marine x3  
  186  14:23  SCV  
  194  14:24  Siege Tank  
  194  14:25  Refinery  
  194  14:26  Factory  
  194  14:27  Factory, Siege Tank  
  200  14:37  Orbital Command  
  200  14:42  Medivac  
  175  15:01  Medivac  
  175  15:04  Marine x2  
  175  15:05  Marauder x2  
  175  15:07  Marauder, Marine x2  
  169  15:09  Marauder, Siege Tank, Marine  
  169  15:10  Marine x2  
  169  15:12  Medivac  
  180  15:15  Factory Tech Lab x2  
  182  15:25  Marine  
  182  15:26  Marauder x2  
  182  15:27  Marine x2  
  182  15:28  Marine  
  180  15:29  Marauder  
  180  15:30  Marine x2  
  180  15:31  Factory Tech Lab, Marauder  
  180  15:35  Orbital Command  
  173  15:41  Siege Tank  
  166  15:44  Marine x3  
  166  15:47  Marauder x2  
  166  15:48  Factory Tech Lab  
  173  15:50  Marauder  
  173  15:52  Medivac, Marauder  
  173  15:53  Command Center, Marine x2  
  173  15:54  Command Center  
  173  15:56  Marine  
  180  16:00  Liberator  
  180  16:09  Marauder, Siege Tank  
  185  16:12  Missile Turret  
  185  16:13  Siege Tank  
  185  16:15  Marine  
  185  16:16  Marauder  
  185  16:18  Marauder, Marine x2  
  184  16:22  Medivac  
  184  16:25  Marauder, Marine  
  182  16:35  Sensor Tower  
  180  16:41  Siege Tank  
  180  16:43  Medivac  
  180  16:46  Marauder, Siege Tank, Marine  
  180  16:47  Marauder, Marine  
  172  16:53  Medivac  
  165  16:59  Marauder x2, Marine x2  
  160  17:02  SCV x2  
  160  17:06  Marine  
  154  17:13  Siege Tank  
  156  17:17  Marine x2  
  156  17:18  Marauder x2, Siege Tank  
  162  17:24  Marine x2  
  162  17:26  Orbital Command  
  162  17:27  Marine  
  165  17:31  Orbital Command  
  165  17:34  Medivac  
  164  17:45  Siege Tank  
  164  17:51  Marine  
  166  17:54  Marine  
  166  17:58  Missile Turret  
  166  18:00  Marine  
  166  18:01  Marine  
  168  18:10  Siege Tank  
  171  18:15  Orbital Command  
  171  18:19  Siege Tank  
  174  18:21  Marine x2  
  174  18:24  Marine  
  177  18:37  Command Center  
  174  18:43  Medivac x2  
  174  18:45  Marine  
  174  18:47  Marine  
  174  18:48  Marine  
  160  18:57  Marauder, Marine  
  152  19:04  Siege Tank  
  152  19:07  Marine  
  148  19:13  Medivac  
  144  19:20  Medivac, Marauder, Marine  
  98  19:42  Orbital Command  
  98  19:43  Medivac  
  98  19:48  Marine  
  98  19:50  Medivac  
  98  19:51  Marine x2  
  103  19:55  Marine  
  103  19:57  Marine  
  105  20:03  Marine  
  105  20:04  Marine  
  105  20:06  Marine  
  108  20:12  Marauder  
  110  20:14  Marine  
  111  20:22  Siege Tank  
  111  20:25  Marine  
  114  20:30  Marine  
  114  20:32  Marine  
  114  20:35  Orbital Command  
  113  20:40  Siege Tank  
  104  20:51  Marauder x2, Marine x2  
  105  20:58  SCV  
  105  21:00  Marine  
  105  21:02  Marine  
  108  21:06  Siege Tank  
  105  21:12  Siege Tank  
  98  21:25  Marine  
  90  21:26  Marine x2  
Tags
 
Add a new tag
Caveats
  • Supply blocks, unpowered buildings, or Contaminate may cause inaccurate times.
  • Supply counts are checked every 10 seconds.